 Dungeon Crawl Stone Soup version 0.30.0-10-gfe55d96785 (webtiles) character file.

Game seed: 17460863966035038498

159 Jarnaxa the Trooper (level 5, -1/42 HPs)
             Began as a Demonspawn Monk on May 14, 2023.
             Slain by a gnoll
             ... wielding a +0 halberd
              (2 damage)
             ... on level 4 of the Dungeon.
             The game lasted 00:05:39 (3038 turns).

Jarnaxa the Trooper (Demonspawn Monk)               Turns: 3038, Time: 00:05:40

Health: -1/42      AC: 10    Str: 13    XL:     5   Next: 17%
Magic:  5/5        EV:  4    Int: 11    God:
Gold:   164        SH:  0    Dex: 16    Spells: 4/4 levels left

rFire   . . .        a - +0 mace (chaos)
rCold   . . .        d - orb {light}
rNeg    . . .        l - +0 plate armour
rPois   .            (no helmet)
rElec   .            (no cloak)
rCorr   .            (no gloves)
SInv    .            (no boots)
Will    .....        (no amulet) Stlth
                     (no ring)
HPRegen 0.27/turn    (no ring)
MPRegen 0.09/turn

%: no passive effects
@: glowing
A: powered by death 2, spiny 1
a: no special abilities


You were on level 4 of the Dungeon.
You visited 1 branch of the dungeon, and saw 4 of its levels.

You collected 164 gold pieces.

Inventory:

Hand Weapons
 a - a +0 mace of chaos (weapon)
 h - a +2 heavy hand axe
Missiles
 b - 6 atropa-tipped darts (quivered)
Armour
 d - an orb of light (worn)
 l - a +0 plate armour (worn)
Jewellery
 n - an amulet of regeneration
Scrolls
 f - a scroll of teleportation
 i - a scroll of noise
Potions
 c - 2 potions of ambrosia
 e - a potion of might {unknown}
 g - a potion of lignification
 j - 2 potions of curing
 k - a potion of mutation {unknown}
 m - a potion of heal wounds {unknown}


   Skills:
 + Level 3.8 Fighting
 - Level 1.1(2.6) Axes
 * Level 3.8(3.9) Maces & Flails
 + Level 0.7 Armour
 + Level 3.4 Dodging
 + Level 0.4 Stealth


You had 4 spell levels left.
You didn't know any spells.
Your spell library contained the following spells:

 Spells                   Type           Power      Damage    Failure   Level
 Shock                    Conj/Air       0%         1d3       100%        1
 Ensorcelled Hibernation  Hex/Ice        0%         N/A       100%        2
 Spider Form              Tmut/Pois      0%         N/A       100%        3
 Swiftness                Air            0%         N/A       100%        3
 Airstrike                Air            0%         2d(0-16)  100%        4
 Anguish                  Hex/Necr       0%         N/A       100%        4


Dungeon Overview and Level Annotations

Branches:
Dungeon (4/15)             Temple (0/1) D:4

Altars:

Shops:
D:1 *[:   D:3 :


Innate Abilities, Weirdness & Mutations

You regenerate health from kills.
You are partially covered in sharp spines.


Message History

You kill the quokka!
An iguana comes into view.
The iguana hisses angrily.
The gnoll is struck by your spines. The gnoll hits you with a +0 halberd!
Your quokka zombie bites the gnoll.
The gnoll attacks as you move away! The gnoll is struck by your spines.
The gnoll hits you but does no damage.
The gnoll hits you from afar with a +0 halberd.
The gnoll hits your quokka zombie with a +0 flail!
Your quokka zombie is destroyed!
The iguana bites you but does no damage.
You hit the iguana but do no damage.
The iguana bites you but does no damage.
You hit the iguana but do no damage. The iguana is struck by your spines.
The iguana bites you.
You hit the iguana.
The iguana is lightly wounded.
The iguana is struck by your spines.
The iguana bites you but does no damage. x2
You hit the iguana.
The iguana is heavily wounded.
The iguana barely misses you. The gnoll barely misses you.
You hit the iguana. Lightning courses through the iguana!
You kill the iguana!
The gnoll hits you but does no damage.
You have reached level 5!
Your demonic ancestry asserts itself...
The wave of death grows in power.
You hit the gnoll.
The gnoll seems to speed up.
The gnoll is moderately wounded.
The gnoll barely misses you.
The gnoll hits you from afar with a +0 halberd!
* * * LOW HITPOINT WARNING * * *
The gnoll hits you but does no damage.
You barely miss the gnoll.
The gnoll is moderately wounded.
The gnoll is struck by your spines. The gnoll hits you with a +0 flail!
* * * LOW HITPOINT WARNING * * *
The gnoll hits you from afar with a +0 halberd.
You die...

#.......# #....#
#.#'#######....# #. .
.. #.#.........<###
#.. #.# .
#.############### #..
.. . .
#...............#
#.##.#.# [.
###############.#
#....#.#.>. #.#
#..#.......
########g###..#....#
#.....@ggS##..g.#
#.#######....#..g.....
#....#.#.#.##.
#))....#.# ..
................ .
.....#.....+(....
#...##.....###### ####
#.....# ...####


You could see 3 gnolls and an adder.

Vanquished Creatures
  An orc priest (D:4)
  An iguana (D:4)
  3 adders (D:2)
  A worm (D:2)
  2 dart slugs
  5 orcs
  10 endoplasms
  2 giant cockroaches (D:3)
  5 goblins
  5 hobgoblins
  4 jackals (D:2)
  4 kobolds
  3 quokkas
  5 ball pythons
  2 bats (D:2)
  2 frilled lizards
  5 rats
60 creatures vanquished.

Vanquished Creatures (others)
  A quokka zombie (D:4)
1 creature vanquished.

Grand Total: 61 creatures vanquished

Notes
Turn   | Place    | Note
-------+----------+-------------------------------------------
     0 | D:1      | Jarnaxa the Demonspawn Monk began the quest for the Orb.
     0 | D:1      | Reached XP level 1. HP: 18/18 MP: 1/1
   113 | D:1      | Found Zanerah's Antique Armour Emporium.
   126 | D:1      | Gained mutation: You regenerate a little health from kills.
                  | [demonic ancestry]
   126 | D:1      | Reached XP level 2. HP: 6/24 MP: 2/2
   202 | D:1      | Found Esecud's General Store.
   950 | D:1      | Found Poigawno's Book Emporium.
  1221 | D:2      | Reached XP level 3. HP: 29/29 MP: 3/3
  1694 | D:2      | Gained mutation: You are partially covered in sharp spines.
                  | [demonic ancestry]
  1694 | D:2      | Reached XP level 4. HP: 37/37 MP: 4/4
  2473 | D:3      | Found Vufyng's Vocational Training.
  3010 | D:4      | Reached skill level 1 in Axes
  3019 | D:4      | Found a staircase to the Ecumenical Temple.
  3037 | D:4      | Gained mutation: You regenerate health from kills. [demonic
                  | ancestry]
  3037 | D:4      | Reached XP level 5. HP: 21/42 MP: 5/5
  3038 | D:4      | HP: 1/42 [gnoll/+0 flail (11)]
  3038 | D:4      | Slain by a gnoll

Illustrated notes

Levels and vault maps discovered:
D:1:      minmay_arrival_split_and_join, layout_basic, serial_shops,
          nicolae_shop_tiny_waterfront, nicolae_shop_back_alley_shop, shop,
          chequers_big_river
D:2:      layout_basic, interstate_on_off
D:3:      layout_basic, serial_curves, eino_curves_01, eino_curves_04,
          nicolae_shop_vocational
D:4:      layout_basic, mainiacjoe_overflow_alcove_2, minmay_temple_entry_ruins,
          serial_shops, nicolae_shop_scrapyard, nicolae_shop_trees, shop,
          dreamdust_princess_corridor, chequers_mini_garden,
          minmay_misc_feat_tiny, skrybe_limestone_x, st_stairs_2,
          minmay_misc_feat_enclosed, uniq_edmund, uniq_grinder

Skill      XL: |  1  2  3  4 |
---------------+-------------+-----
Maces & Flails | 3 |  3.8
Dodging        | 3 |  3.4
Axes           | 1 |  1.1
Fighting       | |  3.8
Armour         | |  0.7
Stealth        | |  0.4

Action                     |  1- 3 |  4- 6 || total
---------------------------+-------+-------++-------
  Melee: Mace              |    33 |    31 ||    64
         Hand axe          |    34 |     8 ||    42
    Use: Scroll            |     3 |     5 ||     8
 Armour: Robe              |     8 |     4 ||    12
         Plate armour      |       |    18 ||    18
  Dodge: Dodged            |    47 |    16 ||    63
